 Dungeon Crawl Stone Soup version 0.31-a0-435-g2c6fae2916 (webtiles) character file.

Game seed: 5373365774068071514

786 Dirtsage the Changeling (level 7, -1/43 HPs)
             Began as an Octopode Shapeshifter on Aug 1, 2023.
             Was an Initiate of Elyvilon.
             Slain by an ice beast (5 damage)
             ... on level 5 of the Dungeon.
             The game lasted 00:11:27 (4340 turns).

Dirtsage the Changeling (Octopode Shapeshifter)     Turns: 4340, Time: 00:11:27

Health: -1/43      AC:  1    Str: 16    XL:     7   Next: 86%
Magic:  7/7        EV: 13    Int: 10    God:    Elyvilon [......]
Gold:   86         SH:  0    Dex: 13    Spells: 6/6 levels left

rFire   + .          .
                       - Unarmed
rCold   . . .        (no shield)
rNeg    . . .        (helmet currently unavailable)
rPois   .            (no amulet)
rElec   .            F - ring of protection from fire
rCorr   .            (no ring)
SInv    .            (no ring)
Will    .....        (no ring)
Stlth   ++           (no ring)
HPRegen 0.27/turn    (no ring)
MPRegen 0.10/turn    (no ring)
                     (no ring)

%: no passive effects
@: beast-form
A: beast (slay +5), almost no armour, amphibious, 8 rings, camouflage 1,
gelatinous body 1, (nimble swimmer 1), tentacles
a: Begin Untransformation, Renounce Religion


You were on level 5 of the Dungeon.
You worshipped Elyvilon.
Elyvilon was noncommittal.
You were a hulking beast.
You visited 1 branch of the dungeon, and saw 5 of its levels.

You collected 194 gold pieces.
You spent 108 gold pieces at shops.

Inventory:

Armour
 n - a +1 tower shield
Magical Staves
 l - a staff of conjuration
Jewellery
 F - a ring of protection from fire (left tentacle)
Talismans
 b - a beast talisman (active)
 m - a storm talisman
 o - a maw talisman
Scrolls
 f - 2 scrolls of identify {unknown}
 h - a scroll of poison {unknown}
 i - a scroll of enchant armour
 j - a scroll of immolation {unknown}
 k - a scroll of teleportation {unknown}
Potions
 c - 2 potions of attraction {unknown}
 d - a potion of might
 e - a potion of mutation {unknown}
 g - a potion of berserk rage {unknown}


   Skills:
 - Level 1.0 Fighting
 - Level 2.0 Dodging
 - Level 3.0 Unarmed Combat
 + Level 7.8 Shapeshifting


You had 6 spell levels left.
You didn't know any spells.
Your spell library was empty.

Dungeon Overview and Level Annotations

Branches:
Dungeon (5/15)
 Temple: D:4-7

Altars:
Elyvilon
Fedhas
Okawaru
Vehumet
Wu Jian

Shops:
D:3 !

Annotations:
D:2 1 runed translucent door, Crazy Yiuf


Innate Abilities, Weirdness & Mutations

You are a hulking beast.
Your limbs bulge with bestial killing power. (Slay +5)
You cannot wear most types of armour.
You are amphibious.
You can wear up to eight rings at the same time.
Your skin changes colour to match your surroundings (Stealth+).
Your rubbery body absorbs attacks. (AC +1, EV +1)
((You are camouflaged when in or above water. (Stealth+)))
You have tentacles for arms and can constrict up to eight enemies at once.


Message History

There is a stone staircase leading down here.
You see here 6 stones.
There is a stone staircase leading down here.
You climb downwards.
There is a stone staircase leading up here.
You tentacle-slap the gnoll. Your grab misses the gnoll. You squeeze the gnoll!
The gnoll is almost dead.
The gnoll barely misses you.
You tentacle-slap the gnoll.
You kill the gnoll!
You completely miss the ice beast. The ice beast hits you.
The ice beast freezes you.
You take 9 damage, and have 34/43 hp.
MASSIVE DAMAGE!!
You tentacle-slap the ice beast but do no damage.
Your squeeze misses the ice beast. The ice beast closely misses you.
You tentacle-slap the ice beast but do no damage.
The ice beast hits you. The ice beast freezes you!
You take 11 damage, and have 23/43 hp.
MASSIVE DAMAGE!!
You tentacle-slap the ice beast.
The ice beast is moderately wounded.
The ice beast hits you. The ice beast freezes you.
You take 8 damage, and have 15/43 hp.
You tentacle-slap the ice beast but do no damage.
The ice beast is moderately wounded.
The ice beast hits you.
* * * LOW HITPOINT WARNING * * *
The ice beast freezes you!
* * * LOW HITPOINT WARNING * * *
You take 12 damage, and have 3/43 hp.
MASSIVE DAMAGE!!
You tentacle-slap the ice beast but do no damage.
The ice beast is moderately wounded.
The ice beast closely misses you.
You barely miss the ice beast. You squeeze the ice beast.
The ice beast is moderately wounded.
The ice beast closely misses you.
Okay, then.
You tentacle-slap the ice beast.
The ice beast is heavily wounded.
The ice beast hits you.
You die...

....#..........###
....#...#........##
......###....##.......
......#.......#....#..
.......<.[........##
..........###....##
..$.......###....#
##........#......##
#........gYh......#
#.#...:############ .
##... #... #... ..


You could see an ice beast and a gnoll.

Vanquished Creatures
  4 ogres
  A scorpion (D:4)
  A hound (D:5)
  An orc priest (D:4)
  2 iguanas
  Natasha (thrice) (D:2)
  An orc wizard (D:3)
  Terence (D:2)
  Robin (D:3)
  2 adders
  2 gnolls
  3 worms
  A dart slug (D:3)
  13 orcs
  9 endoplasms
  A giant cockroach (D:1)
  19 goblins
  3 hobgoblins
  3 jackals
  5 kobolds
  10 quokkas
  10 ball pythons
  3 bats
  4 frilled lizards
  2 rats
105 creatures vanquished.

Notes
Turn   | Place    | Note
-------+----------+-------------------------------------------
     0 | D:1      | Dirtsage the Octopode Shapeshifter began the quest for the
                  | Orb.
     0 | D:1      | Reached XP level 1. HP: 13/13 MP: 1/1
    78 | D:1      | Reached XP level 2. HP: 11/18 MP: 2/2
   300 | D:1      | Reached XP level 3. HP: 19/23 MP: 3/3
   769 | D:2      | Reached skill level 4 in Shapeshifting
   774 | D:2      | Noticed Natasha
   788 | D:2      | Killed Natasha
   789 | D:2      | Reached XP level 4. HP: 11/28 MP: 4/4
   806 | D:2      | Noticed Natasha
   811 | D:2      | Killed Natasha
  1007 | D:2      | Noticed Terence
  1031 | D:2      | Killed Terence
  1032 | D:2      | Reached XP level 5. HP: 8/33 MP: 5/5
  1147 | D:2      | Reached skill level 5 in Shapeshifting
  1507 | D:2      | Found a faded altar of an unknown god.
  1512 | D:2      | Noticed Natasha
  1522 | D:2      | Killed Natasha
  1782 | D:2      | Found a runed translucent door.
  1783 | D:2      | Noticed Crazy Yiuf
  1964 | D:3      | Noticed Robin
  1970 | D:3      | Killed Robin
  1971 | D:3      | Reached XP level 6. HP: 29/38 MP: 6/6
  2439 | D:3      | Found Plog's Distillery.
  2445 | D:3      | Bought a potion of heal wounds for 60 gold pieces
  2445 | D:3      | Bought a potion of might for 48 gold pieces
  3013 | D:4      | Reached skill level 6 in Shapeshifting
  3186 | D:4      | Reached XP level 7. HP: 36/43 MP: 7/7
  3366 | D:4      | Found an iron altar of Okawaru.
  3369 | D:4      | Found a blossoming altar of Fedhas.
  3428 | D:4      | Found a white marble altar of Elyvilon.
  3437 | D:4      | Found a radiant altar of Vehumet.
  3443 | D:4      | Became a worshipper of Elyvilon the Healer
  3513 | D:4      | HP: 1/43 [ogre/+0 giant club (15)]
  3515 | D:4      | Reached skill level 7 in Shapeshifting
  3921 | D:5      | Entered Level 5 of the Dungeon
  3949 | D:5      | Found an ornate altar of the Wu Jian Council.
  4340 | D:5      | Slain by an ice beast

Illustrated notes

Levels and vault maps discovered:
D:1:      lemuel_arrival_cross, layout_loops_cross
D:2:      minmay_wonky_spiral, layout_loops_cross,
          shapermc_ecumenical_altar_mp_highgroup, serial_glass, glass_columns_c,
          glass_columns_a, glass_columns_b, glass_columns_b, glass_columns_a,
          glass_columns_b, minmay_quantized, uniq_natasha,
          uniq_crazy_yiuf_cottage, uniq_terence
D:3:      layout_basic, serial_shops, shop, grunt_ministairs_9,
          kennysheep_flooded_box, uniq_robin
D:4:      layout_cave_pools, grunt_temple_overflow_cloverleaf,
          minmay_misc_feat_hallway, chequers_serial_rivers_room_a,
          kennysheep_pointless_box
D:5:      layout_cave_pools, mainiacjoe_overflow_brackets,
          general_overflow_altar, minmay_temple_entry_fiery, serial_shops,
          shop_statue

Skill      XL: |  1  2  3  4  5  6  7 |
---------------+----------------------+-----
Shapeshifting  | 4 5 6 7 |  7.8
Fighting       | |  1.0
Dodging        | |  2.0
Unarmed Combat | |  3.0

Action                     |  1- 3 |  4- 6 |  7- 9 || total
---------------------------+-------+-------+-------++-------
  Melee: Unarmed           |    46 |   124 |    46 ||   216
         Constrict         |    13 |    33 |     7 ||    53
         Tentacles         |     6 |    25 |    13 ||    44
         Punch             |     1 |     5 |     1 ||     7
    Use: Potion            |       |       |     2 ||     2
         Scroll            |       |       |     1 ||     1
   Stab: Sleeping          |     8 |     5 |       ||    13
         Distracted        |       |     1 |     1 ||     2
 Armour: Skin              |     2 |     8 |     1 ||    11
  Dodge: Dodged            |    26 |    58 |    17 ||   101

Table legend: (Time is in decaauts)
 A = Elapsed time spent in this place.
 B = Non-inter-level travel time spent in this place.
 C = Inter-level travel time spent in this place.
 D = Time resting spent in this place.
 E = Time spent auto-exploring this place.
 F = Levels seen in this place.
 G = Mean time per level.
                   A        B        C        D        E       F      G
               +--------+--------+--------+--------+--------+-----+--------+
         Total |   4328 |   4109 |    219 |    176 |   3238 |   5 |  865.6 |
       Dungeon |   4328 |   4109 |    219 |    176 |   3238 |   5 |  865.6 |
               +--------+--------+--------+--------+--------+-----+--------+

Top non-repeatable levels by time:
     D:2: 1138 daAuts
     D:3: 1108 daAuts
     D:4: 1033 daAuts
     D:1: 686 daAuts
     D:5: 362 daAuts
